 Dungeon Crawl Stone Soup version 0.27-a0-668-gb5737ff2c0 (webtiles) character file.

Game seed: 766155489697321454

592 spiderkeys the Poker (level 7, -4/91 HPs)
             Began as a Minotaur Berserker on Mar 17, 2021.
             Was a Priest of Trog.
             Slain by a two-headed ogre
             ... wielding a +0 giant club
              (12 damage)
             ... on level 4 of the Dungeon.
             The game lasted 00:03:55 (4067 turns).

spiderkeys the Poker (Minotaur Berserker)           Turns: 4067, Time: 00:03:56

Health: -4/91      AC:  9    Str: 23    XL:     7   Next: 16%
Magic:  6/6        EV: 11    Int:  4    God:    Trog [***...]
Gold:   128        SH:  0    Dex: 10    Spells: 6/6 levels left

rFire    . . .     SeeInvis +   k - +1 spear (freeze)
rCold    . . .     Faith    .   (no shield)
rNeg     . . .     Spirit   .   e - +0 scale mail
rPois    .         Reflect  .   (helmet restricted)
rElec    .         Harm     .   (no cloak)
rCorr    .         Rampage  .   l - +0 pair of gloves
Will     .....                  g - +0 pair of boots
Stlth    ..........             (no amulet)
HPRegen  0.25/turn              f - ring of see invisible
MPRegen  0.10/turn              (no ring)

@: berserking, very quick
A: horns 2, retaliatory headbutt
a: Renounce Religion, Berserk, Trog's Hand


You were on level 4 of the Dungeon.
You worshipped Trog.
Trog was most pleased with you.
You visited 1 branch of the dungeon, and saw 4 of its levels.

You collected 128 gold pieces.

Inventory:

Hand Weapons
 a - a +0 spear
 k - a +1 spear of freezing (weapon)
Armour
 e - a +0 scale mail (worn)
 g - a +0 pair of boots (worn)
 l - a +0 pair of gloves (worn)
Jewellery
 f - a ring of see invisible (right hand)
Scrolls
 b - a scroll of teleportation {unknown}
 d - 2 scrolls of identify {unknown}
 j - a scroll of vulnerability {unknown}
 m - a scroll of random uselessness {unknown}
Potions
 c - a potion of ambrosia {unknown}
 h - 2 potions of heal wounds {unknown}
 i - a potion of mutation {unknown}


   Skills:
 + Level 5.4 Fighting
 * Level 6.9 Polearms
 + Level 4.7 Armour
 + Level 4.3 Dodging


You had 6 spell levels left.
You didn't know any spells.
Your spell library was empty.

Dungeon Overview and Level Annotations

Branches:
Dungeon (4/15)
 Temple: D:4-7

Altars:
Elyvilon
Okawaru


Innate Abilities, Weirdness & Mutations

You have a pair of horns on your head.
You reflexively headbutt those who attack you in melee.


Message History

You barely miss the ogre. You headbutt the ogre!
The ogre is heavily wounded.
You hit the ogre. You freeze the ogre.
The ogre is severely wounded.
The ogre hits you with a +0 giant club!
You hit the ogre. You freeze the ogre.
The ogre is almost dead.
The ogre closely misses you.
Your scale mail prevents you from hitting the ogre.
You headbutt the ogre.
You kill the ogre!
Trog accepts your kill.
You have reached level 7!
A two-headed ogre comes into view. It is wielding two +0 giant clubs.
A two-headed ogre is nearby!
A two-headed ogre is nearby!
A two-headed ogre is nearby!
The two-headed ogre shouts in stereo!
Found 13 gold pieces.
You puncture the two-headed ogre! You freeze the two-headed ogre.
You headbutt the two-headed ogre, but do no damage.
The two-headed ogre is moderately wounded.
You hit the two-headed ogre. You freeze the two-headed ogre.
The two-headed ogre is moderately wounded.
The two-headed ogre hits you with a +0 giant club!!
The two-headed ogre hits you with a +0 giant club.
You are too injured to fight recklessly!
You are too injured to fight recklessly!
You are too injured to fight recklessly!
A red film seems to cover your vision as you go berserk!
You feel yourself moving faster!
You feel mighty!
The two-headed ogre hits you with a +0 giant club! x2
* * * LOW HITPOINT WARNING * * *
You hit the two-headed ogre. You freeze the two-headed ogre.
Your headbutt misses the two-headed ogre.
The two-headed ogre is heavily wounded.
The two-headed ogre hits you with a +0 giant club!
* * * LOW HITPOINT WARNING * * *
The two-headed ogre hits you with a +0 giant club!
You die...

#.#.##### #.......######
#.†...)....... #..###...##### #
# ##..# ##..# $
#####.#...####..#### ..#
...................#...#
.####.##.....).........#
..###...........@......#
.......#........^O.#...#
...)...#...............# ##
.......#...........#...# ...
)......#...........#..## ..
.......##.#######.##..# .# ##
.......##.# #..#..###.#...
........#.########..#.......#
...<................†....######


You could see a two-headed ogre.

Vanquished Creatures
  2 ogres (D:4)
  A howler monkey (D:4)
  2 orc priests
  A bullfrog skeleton (D:4)
  Jessica (D:2)
  2 orc wizards (D:3)
  2 worker ants (D:4)
  5 adders
  4 worms
  2 dart slugs
  A leopard gecko (D:3)
  22 orcs
  6 bats
  5 giant cockroaches
  9 hobgoblins
  5 jackals (D:1)
  7 kobolds
  2 quokkas
  4 frilled lizards
  8 goblins
  A jackal zombie (D:3)
  6 rats
98 creatures vanquished.

Vanquished Creatures (others)
  An orc (D:3)
1 creature vanquished.

Grand Total: 99 creatures vanquished

Notes
Turn   | Place    | Note
-------+----------+-------------------------------------------
     0 | D:1      | spiderkeys the Minotaur Berserker began the quest for the
                  | Orb.
     0 | D:1      | Reached XP level 1. HP: 19/19 MP: 0/0
   220 | D:1      | Reached XP level 2. HP: 26/27 MP: 1/1
   228 | D:1      | Reached skill level 4 in Polearms
   866 | D:2      | Noticed Jessica
   871 | D:2      | Killed Jessica
   872 | D:2      | Reached XP level 3. HP: 23/33 MP: 2/2
   979 | D:2      | Reached XP level 4. HP: 35/40 MP: 3/3
   981 | D:2      | Found an iron altar of Okawaru.
  1375 | D:2      | Reached ** piety under Trog
  1627 | D:2      | Reached skill level 5 in Polearms
  2187 | D:3      | Reached XP level 5. HP: 22/47 MP: 4/4
  2684 | D:3      | Found a white marble altar of Elyvilon.
  2744 | D:3      | Reached *** piety under Trog
  3069 | D:3      | Found a faded altar of an unknown god.
  3419 | D:4      | Reached XP level 6. HP: 53/55 MP: 5/5
  3433 | D:4      | Reached skill level 6 in Polearms
  3624 | D:4      | Reached skill level 5 in Fighting
  4026 | D:4      | Reached XP level 7. HP: 47/61 MP: 6/6
  4060 | D:4      | Noticed a two-headed ogre
  4067 | D:4      | Slain by a two-headed ogre

Illustrated notes

Levels and vault maps discovered:
D:1:      lightli_arrival_lavapool, layout_basic
D:2:      layout_loops_corners, okawaru_altar_gauntlet_db, uniq_jessica
D:3:      layout_basic, elyvilon_altar_4, chequers_ecumenical_altar_twisty
D:4:      layout_rooms, lemuel_round_altar, chequers_serial_rivers_micro_c

Skill      XL: |  1  2  3  4  5  6 |
---------------+-------------------+-----
Polearms       | 4 5 6 |  6.9
Fighting       | 4 5 |  5.4
Armour         | 3 4 |  4.7
Dodging        | 3 4 |  4.3

Action                   |  1- 3 |  4- 6 |  7- 9 || total
-------------------------+-------+-------+-------++-------
Melee: Spear             |    57 |   203 |     3 ||   263
       Headbutt          |     8 |    30 |     1 ||    39
Invok: Berserk           |     1 |     3 |     1 ||     5
 Stab: Sleeping          |     1 |       |       ||     1
Armor: Animal skin       |     3 |       |       ||     3
       Scale mail        |       |    43 |       ||    43
Dodge: Dodged            |    25 |    74 |       ||    99

Table legend: (Time is in decaauts)
 A = Elapsed time spent in this place.
 B = Non-inter-level travel time spent in this place.
 C = Inter-level travel time spent in this place.
 D = Time resting spent in this place.
 E = Time spent auto-exploring this place.
 F = Levels seen in this place.
 G = Mean time per level.
                   A        B        C        D        E       F      G
               +--------+--------+--------+--------+--------+-----+--------+
         Total |   4063 |   3918 |    145 |    539 |   2922 |   4 | 1015.8 |
       Dungeon |   4063 |   3918 |    145 |    539 |   2922 |   4 | 1015.8 |
               +--------+--------+--------+--------+--------+-----+--------+

Top non-repeatable levels by time:
     D:3: 1290 daAuts
     D:2: 1275 daAuts
     D:1: 845 daAuts
     D:4: 651 daAuts
